AoeStats
← Reis

African Clearing

505729510Analyzed
4v4 RM · 23d ago on Sep 10, 2026· 61m 1s· 8 players
Game mode
Random Map
Map size
Large (8 player)
Population
200
Speed
Normal
Resources
Standard
Victory
Conquest
Starting age
Dark Age
Ending age
Imperial Age
RankedLock teamsTeams togetherTeam positionsShared explorationLock speedFull tech treeHidden civsTurbo modeCheats
Victory
Defeat
🇺🇸 Burgundians · United States
1413
+18
🇨🇴 Franks · Colombia
1363
+20
🇧🇪 Malians · Belgium
1353
+20
🇨🇴 Mongols · Colombia
1347
+21
🇬🇧 Muisca · United Kingdom
1582
-25
🇨🇭 Bulgarians · Switzerland
1444
-19
🇬🇧 Koreans · United Kingdom
1403
-18
🇪🇸 Spanish · Spain
1393
-17
Reis
3:25 Loom
13:28 Feudal Age
18:18 Castle Age
19:04 Fletching
24:25 Double-Bit Axe
29:30 Horse Collar
30:05 Bow Saw
34:45 Heavy Plow
35:56 Wheelbarrow
36:09 Gold Mining
36:09 Stone Mining
36:57 Hand Cart
40:50 Imperial Age
39:04 Forging
39:00 Scale Barding Armor
38:57 Husbandry
39:07 Bloodlines
39:43 Gold Shaft Mining
39:43 Stone Shaft Mining
40:09 Iron Casting
40:12 Chain Barding Armor
39:55 Squires
39:41 Gambesons
40:26 Scale Mail Armor
40:32 Arson
40:48 Stirrups
42:00 Conscription
41:12 Elite Konnik
43:18 Blast Furnace
42:54 Plate Barding Armor
43:00 Chain Mail Armor
45:44 Plate Mail Armor
Fluorspar
5:50 Loom
13:46 Feudal Age
14:50 Double-Bit Axe
17:36 Castle Age
15:59 Fletching
18:33 Bodkin Arrow
18:28 Town Watch
27:42 Wheelbarrow
30:19 Ballistics
31:06 Bow Saw
34:33 Hand Cart
35:13 Padded Archer Armor
35:48 Horse Collar
39:32 Imperial Age
37:48 Leather Archer Armor
38:53 Masonry
38:27 Treadmill Crane
39:01 Masonry
38:58 Stone Mining
39:10 Heavy Plow
39:00 Gold Mining
40:25 Bracer
41:28 Chemistry
40:33 Siege Engineers
40:58 Conscription
41:19 Scale Mail Armor
42:23 Chain Mail Armor
42:18 Forging
42:04 Elite Guecha Warrior
43:21 Squires
42:42 Champi Runner
43:07 Pikeman
43:15 Elite Temple Guard
44:49 Plate Mail Armor
44:54 Iron Casting
44:25 Herbalism
44:10 Champi Warrior
46:04 Coinage
46:27 Stone Shaft Mining
46:27 Gold Shaft Mining
46:53 Two-Man Saw
47:10 Hoardings
47:20 Banking
47:45 Elite Champi Warrior
MTC
3:06 Loom
12:49 Feudal Age
16:46 Castle Age
16:22 Double-Bit Axe
27:20 Padded Archer Armor
32:01 Horse Collar
35:13 Bow Saw
35:50 Gold Mining
39:13 Wheelbarrow
38:44 Heavy Plow
38:47 Stone Mining
42:42 Imperial Age
41:08 Leather Archer Armor
41:10 Bloodlines
41:01 Husbandry
42:05 Forging
44:59 Chemistry
44:19 Pikeman
45:00 Squires
45:39 Iron Casting
45:04 Scale Mail Armor
48:10 Blast Furnace
46:59 Halberdier
59:29 Elite Conquistador
Based Lettuce
14:00 Feudal Age
15:02 Double-Bit Axe
16:11 Loom
18:49 Castle Age
17:27 Fletching
19:42 Bow Saw
36:01 Horse Collar
38:42 Wheelbarrow
38:00 Gambesons
38:28 Forging
38:18 Scale Mail Armor
38:50 Scale Mail Armor
45:10 Iron Casting
44:51 Chain Mail Armor
49:47 Imperial Age
50:34 Crossbowman
51:19 Thumb Ring
52:37 Two-Man Saw
55:22 Arbalester
60:26 Bodkin Arrow
Oblivion
10:02 Loom
12:12 Feudal Age
12:28 Man-at-Arms
14:06 Arson
17:19 Forging
21:32 Castle Age
19:46 Stone Mining
Matter JV
6:49 Double-Bit Axe
11:49 Loom
13:35 Feudal Age
16:25 Bow Saw
18:22 Castle Age
16:54 Gold Mining
17:38 Scale Barding Armor
18:49 Forging
18:32 Cavalier
20:21 Horse Collar
26:11 Wheelbarrow
28:08 Chain Barding Armor
28:31 Husbandry
34:43 Heavy Plow
36:18 Hand Cart
35:48 Town Watch
36:04 Fletching
40:19 Imperial Age
38:43 Padded Archer Armor
39:28 Iron Casting
38:48 Bodkin Arrow
41:02 Two-Man Saw
40:34 Crop Rotation
39:57 Stone Mining
40:42 Gold Shaft Mining
40:27 Leather Archer Armor
42:21 Chemistry
40:46 Paladin
42:03 Plate Barding Armor
43:09 Blast Furnace
42:09 Bracer
44:00 Devotion
45:02 Treadmill Crane
45:38 Leather Archer Armor
46:46 Gold Shaft Mining
49:30 Ballistics
52:13 Masonry
51:59 Murder Holes
52:14 Town Patrol
54:14 Burgundian Vineyards
54:30 Conscription
54:46 Hoardings
55:33 Guilds
55:53 Coinage
56:04 Elite Coustillier
AM | Tailor
9:24 Loom
11:42 Feudal Age
12:26 Double-Bit Axe
18:48 Wheelbarrow
23:35 Castle Age
23:24 Gold Mining
24:32 Bow Saw
24:34 Scale Barding Armor
24:40 Forging
25:08 Husbandry
26:49 Gold Shaft Mining
26:06 Stone Mining
30:49 Town Watch
34:24 Hand Cart
37:07 Imperial Age
36:51 Chain Barding Armor
37:09 Iron Casting
37:16 Cavalier
38:42 Plate Barding Armor
38:52 Paladin
40:07 Capped Ram
42:18 Blast Furnace
46:36 Conscription
46:53 Fletching
48:06 Chemistry
47:29 Ballistics
47:10 Murder Holes
47:56 Light Cavalry
51:36 Fortified Wall
51:37 Masonry
56:18 Architecture
55:55 Padded Archer Armor
57:52 Elite Skirmisher
AM | Rick2
12:31 Feudal Age
16:29 Castle Age
14:40 Double-Bit Axe
16:22 Fletching
17:08 Bodkin Arrow
18:32 Bow Saw
21:39 Padded Archer Armor
23:29 Horse Collar
25:24 Leather Archer Armor
25:26 Loom
27:22 Ballistics
29:08 Husbandry
29:32 Bloodlines
34:08 Wheelbarrow
35:54 Hand Cart
40:05 Imperial Age
37:52 Herbal Medicine
38:31 Heavy Plow
38:23 Gold Mining
38:24 Stone Mining
40:14 Onager
42:14 Conscription
43:03 Gold Shaft Mining
43:24 Drill
45:28 Hoardings
44:23 Sappers
45:21 Bracer
46:23 Chemistry
49:44 Elite Mangudai
51:14 Capped Ram
52:30 Sappers
55:27 Siege Ram
Connection lost

Rejoining the realm…

Still unreachable

The connection could not be restored.

Session expired

The server has moved on; the page needs a fresh start.